 Dungeon Crawl Stone Soup version 0.21.0-3-g78d12a8 (webtiles) character file.

156935 Haldmier the Spry (level 17, -10/102 HPs)
             Began as a Deep Elf Warper on Jan 14, 2018.
             Was a High Priest of Ashenzari.
             Killed from afar by a shock serpent (24 damage)
             ... with a bolt of electricity
             ... on level 4 of the Snake Pit.
             The game lasted 03:45:32 (40151 turns).

Haldmier the Spry (Deep Elf Warper)                Turns: 40151, Time: 03:45:33

Health: -10/102    AC: 27    Str: 13    XL:     17   Next: 11%
Magic:  23/29      EV: 25    Int: 26    God:    Ashenzari [*****.]
Gold:   1657       SH:  9    Dex: 16    Spells: 2/30 levels left

rFire    + + .     SeeInvis +   C - +9 lance "Wyrmbane" {slay drac, rPois rF+ rC+ AC+3} (curse)
rCold    + . .     Gourm    .   Y - +0 buckler (curse)
rNeg     + + .     Faith    .   R - +6 scale mail of Qururar {rPois rF+ Int+5 Stlth-}
rPois    +         Spirit   .   q - +2 helmet
rElec    .         Reflect  +   P - +0 cloak {rPois}
rCorr    .         Harm     .   w - +0 pair of gloves
MR       ++...     Clarity  +   D - +2 pair of boots {run} (curse)
Stlth    +.........             k - amulet "Igehoem" {Reflect rN++ Dex+2 SH+4} (curse)
HPRegen  0.27/turn              o - +4 ring of evasion
MPRegen  0.21/turn              S - ring of protection from magic (curse)

@: very slightly contaminated, starving, quick
A: no striking features
a: Curse Item, Scrying, Transfer Knowledge, Renounce Religion


You were on level 4 of the Snake Pit.
You worshipped Ashenzari.
Ashenzari was extremely pleased with you.
You were starving.

You visited 6 branches of the dungeon, and saw 32 of its levels.
You visited the Abyss 1 time.
You visited 1 bazaar.
You also visited: Bailey.

You collected 3232 gold pieces.
You spent 1575 gold pieces at shops.

Inventory:

Hand Weapons
 C - the cursed +9 lance "Wyrmbane" (weapon) {slay drac, rPois rF+ rC+ AC+3}
   (You found it on level 10 of the Dungeon)

   It affects your AC (+3).
   It protects you from fire.
   It protects you from cold.
   It protects you from poison.
   It has a curse placed upon it.
Missiles
 c - 58 tomahawks of returning (quivered)
 e - a throwing net
Armour
 q - a +2 helmet (worn)
 w - a +0 pair of gloves (worn)
 D - a cursed +2 pair of boots of running (worn)
 P - a +0 cloak of poison resistance (worn)
 R - the +6 scale mail of Qururar (worn) {rPois rF+ Int+5 Stlth-}
   (You found it on level 12 of the Dungeon)

   It affects your intelligence (+5).
   It protects you from fire.
   It protects you from poison.
   It makes you less stealthy.
 X - a +2 robe of resistance
 Y - a cursed +0 buckler (worn)
Jewellery
 k - the cursed amulet "Igehoem" (around neck) {Reflect rN++ Dex+2 SH+4}
   (You bought it in a shop on level 4 of the Dungeon)

   [amulet of reflection]

   It shields you and reflects attacks.
   It affects your dexterity (+2).
   It greatly protects you from negative energy.
   It affects your SH (+4).
   It has a curse placed upon it.
 o - a +4 ring of evasion (left hand)
 K - an uncursed ring of flight
 S - a cursed ring of protection from magic (right hand)
Wands
 b - a wand of flame (31)
 r - a wand of paralysis (57)
 s - a wand of enslavement (13)
 F - a wand of iceblast (51)
 G - a wand of acid (2)
Scrolls
 a - 3 scrolls of magic mapping
 d - 6 scrolls of blinking
 l - 2 scrolls of fog
 n - 12 scrolls of remove curse
 p - 18 scrolls of identify
 y - 8 scrolls of teleportation
Potions
 i - 10 potions of agility
 t - 6 potions of might
 u - 2 potions of heal wounds
 x - 2 potions of brilliance
 z - 2 potions of invisibility
 B - 6 potions of flight
 N - 12 potions of curing
 Q - a potion of berserk rage
 V - 3 potions of resistance
 W - 4 potions of haste
 Z - 4 potions of magic
Comestibles
 f - 35 rations


   Skills:
 - Level 10.0 Fighting
   Level 8.0 Long Blades
 - Level 7.6(11.6) Polearms
 - Level 1.0 Throwing
 - Level 10.0 Armour
 + Level 19.3 Dodging
 - Level 7.0 Stealth
 - Level 2.0(4.0) Shields
 - Level 7.0 Spellcasting
 - Level 7.0(9.7) Conjurations
 - Level 11.6(14.0) Hexes
 - Level 6.0(8.7) Charms
 - Level 3.0(5.3) Summonings
 - Level 5.0(7.6) Necromancy
 - Level 5.0(7.6) Translocations
 - Level 7.0(9.7) Fire Magic


You had 2 spell levels left.
You knew the following spells:

 Your Spells              Type           Power        Failure   Level  Hunger
a - Flame Tongue          Conj/Fire      #####        1%          1    None
b - Blink                 Tloc           N/A          1%          2    None
c - Conjure Flame         Conj/Fire      ######..     1%          3    None
d - Sticky Flame          Conj/Fire      ######..     3%          4    ###....
e - Confuse               Hex            ######..     1%          3    None
f - Invisibility          Hex            ######..     10%         6    ######.
g - Summon Small Mammal   Summ           ####         2%          1    None
h - Spectral Weapon       Hex/Chrm       ######..     1%          3    None
m - Shroud of Golubria    Chrm/Tloc      ######....   1%          2    None
n - Regeneration          Chrm/Necr      ######....   2%          3    None


Dungeon Overview and Level Annotations

Branches:
Dungeon (15/15)            Temple (1/1) D:5            Lair (6/6) D:9
  Swamp (4/4) Lair:4        Snake (4/4) Lair:3        Slime (0/5) Lair:5
    Orc (2/2) D:12            Elf (0/3) Orc:2        Vaults (0/5) D:14
 Depths (0/5) D:15

Altars:
Ashenzari
Cheibriados
Dithmenos
Elyvilon
Fedhas
Gozag
Hepliaklqana
Kikubaaqudgha
Makhleb
Nemelex Xobeh
Okawaru
Qazlal
Ru
Sif Muna
Trog
Uskayaw
Vehumet
Wu Jian
Xom
Yredelemnul
Zin
The Shining One

Shops:
D:4 =*   D:9 }   D:14 }!*   Orc:1 =   Orc:2 }!*(

Portals:
Pandemonium: Orc:2

Annotations:
D:13 exclusion: downstairs
D:14 Agnes, Frances
D:15 Room blocked by roxanne, exclusion: Roxanne, Roxanne
Swamp:4 Nikola


Message History

You don't have the energy to cast that spell.
Unknown command.
Okay, then.
Evoke which item? (* to show all) (? for menu, Esc to quit)
Aiming: Paralyse
Press: ? - help, Shift-Dir - straight line, f/p - shock serpent
Aim: a shock serpent (severely wounded, chance to defeat MR: 29%)
Okay, then.
Evoke which item? (* to show all) (? for menu, Esc to quit)
Aiming: Iceblast
Press: ? - help, Shift-Dir - straight line, p - shock serpent The mass of ice explodes!
The iceblast engulfs the shock serpent.
The shock serpent is almost dead.
The shock serpent's electric aura discharges, shocking you!
* * * LOW HITPOINT WARNING * * *
You hear a shout!
You hear an angry hiss.
You hear a shout! x3
You hear an angry hiss.
You hear a shout!
The shock serpent shoots out a bolt of lightning at you!
The bolt of electricity hits you!
You die...

, * ,8 ...., * , ,,* *
...?# .***** * **, ,*
,,...#. ,, ** , *
**,,,, ...# ** # ,, ,
{8 .# ###.#####.### *,
{***.###.).........#**
, , , {
,..##....<..#.#...****
, ..##.......#, {{ ,*
* , {, * ..##..@....#
* * ,,,, , ,*
###..##.S.....# {,,
,.#####.....$.......#
{ , *
,,.......<...[.#######
* ,, ,,######.......#
* , ,* ###.....#
****,, *,, , , **
#...#.# , *** ,,, ,
........ ** * , *
**,,, ,....### * *,
,****, *


You could see a shock serpent.

Vanquished Creatures
  Jorgrun (Swamp:3)
  The ghost of Lovchig the Severer, an adept DDFi of Makhleb (Snake:3)
  Gastronok (D:9)
  2 thorn hunters (Swamp:3)
  3 nagarajas (Snake:3)
  Louise (Swamp:2)
  A very ugly thing (Swamp:3)
  A dire elephant (Lair:5)
  Snorg (Lair:5)
  Josephine (D:13)
  A yaktaur captain (D:15)
  4 naga warriors (Snake:2)
  A merfolk avatar (Lair:6)
  8 hydras
  7 anacondas
  4 centaur warriors
  3 alligators
  2 ghost crabs (Swamp:2)
  Erica (D:11)
  A death knight (D:15)
  9 two-headed ogres
  An ogre mage (D:13)
  4 death yaks (Lair:5)
  2 shock serpents
  6 naga sharpshooters
  5 orc high priests (Orc:2)
  A sun demon (Orc:2)
  3 skeletal warriors (D:15)
  A sea snake (Lair:6)
  2 spriggan druids
  2 swamp dragons (Swamp:1)
  An unseen horror (D:13)
  An infernal demonspawn (Orc:2)
  3 shambling mangroves (Swamp:3)
  2 lindwurms
  Pikel (D:5)
  4 naga ritualists
  2 torturous demonspawn (Orc:2)
  A wizard (D:13)
  A wolf spider zombie (D:14)
  5 orc knights
  A necromancer (D:14)
  8 orc sorcerers (Orc:2)
  5 mana vipers
  7 salamanders
  11 ugly things
  4 cyclopes
  4 manticores
  Maurice (D:9)
  6 elephants
  5 centaur zombies
  22 black mambas
  2 gargoyles
  9 naga magi
  A guardian serpent (Snake:3)
  23 spiny frogs
  A smoke demon (Orc:2)
  A yaktaur (D:15)
  5 rime drakes
  3 kobold demonologists
  An efreet (D:15)
  A freezing wraith (D:14)
  An ice devil (Orc:2)
  10 komodo dragons
  A tengu conjurer (D:14)
  11 trolls
  A wind drake (Lair:6)
  A queen bee (shapeshifter) (D:13)
  4 polar bears
  14 hornets
  Prince Ribbit (D:9)
  2 tyrant leeches (Swamp:3)
  9 bog bodies
  5 slime creatures
  11 blink frogs
  7 dream sheep (Lair:6)
  13 hippogriffs
  A meliai zombie (D:14)
  4 wraiths (D:13)
  25 yaks
  Eustachio (D:4)
  2 spriggans
  3 shadows
  A vampire (D:13)
  4 wyverns
  16 vampire mosquitoes
  10 nagas
  A hungry ghost (D:10)
  A chaos spawn (Orc:2)
  10 wargs
  18 water moccasins
  15 swamp worms
  14 porcupines
  7 swamp drakes
  4 slaves (D:5)
  33 orc warriors
  A necrophage (D:7)
  6 ice beasts
  2 phantoms
  6 sky beasts
  3 eyes of draining
  A wolf (Orc:2)
  16 ogres
  10 centaurs
  22 crocodiles
  4 big kobolds
  A wyvern zombie (D:12)
  16 bullfrogs
  9 scorpions
  10 killer bees
  12 wights
  An electric eel (Lair:5)
  5 howler monkeys
  2 bullfrog zombies (D:12)
  12 crimson imps
  4 hounds
  21 orc wizards
  5 jellies
  2 bullfrog skeletons
  22 orc priests
  4 centaur skeletons
  2 iguanas
  10 worker ants
  A killer bee zombie (D:5)
  The ghost of Vosmos the Grave Robber, a weakling DENe (D:3)
  A howler monkey zombie (D:3)
  3 worker ant zombies
  9 adders
  A gnoll (Bailey)
  5 shadow imps
  2 oozes
  A worm (D:4)
  An adder skeleton (D:4)
  2 adder zombies
  A dart slug (D:3)
  9 leopard geckos
  74 orcs
  A ball python (D:6)
  3 giant cockroaches
  17 goblins
  15 hobgoblins
  6 jackals
  2 quokkas
  4 bats
  6 frilled lizards
  A jackal skeleton (D:3)
  31 kobolds
  A leopard gecko zombie (D:3)
  2 quokka skeletons
  11 rats
  A bush (D:12)
  A fungus (D:9)
906 creatures vanquished.

Vanquished Creatures (collateral kills)
  An ogre (D:7)
1 creature vanquished.

Vanquished Creatures (others)
  A black mamba (Snake:2)
  An orc wizard (D:12)
  4 fungi
  7 plants
  6 spectral weapons
  8 toadstools (Lair:5)
27 creatures vanquished.

Grand Total: 934 creatures vanquished

Notes
Turn   | Place    | Note
-------+----------+-------------------------------------------
     0 | D:1      | Haldmier the Deep Elf Warper began the quest for the Orb.
     0 | D:1      | Reached XP level 1. HP: 12/12 MP: 6/6
   179 | D:1      | Reached XP level 2. HP: 11/16 MP: 8/8
   355 | D:1      | Learned a level 2 spell: Blink
   358 | D:1      | Learned a level 2 spell: Shroud of Golubria
   881 | D:1      | Reached XP level 3. HP: 20/20 MP: 4/9
  1322 | D:2      | Learned a level 1 spell: Summon Small Mammal
  1343 | D:2      | Found a sacrificial altar of Ru.
  1639 | D:2      | Found a shadowy altar of Dithmenos.
  1792 | D:3      | Reached skill level 1 in Charms
  1830 | D:3      | Reached skill level 1 in Summonings
  1830 | D:3      | Reached XP level 4. HP: 21/25 MP: 7/10
  1928 | D:3      | Found a hazy altar of Hepliaklqana.
  1997 | D:3      | Noticed Vosmos's ghost (weakling DENe)
  2323 | D:3      | Reached XP level 5. HP: 28/29 MP: 11/11
  2596 | D:3      | Killed Vosmos's ghost
  3164 | D:3      | Identified a +1 pair of boots of running (You found it on level 3 of the Dungeon)
  3613 | D:4      | Reached XP level 6. HP: 34/34 MP: 10/12
  3700 | D:4      | Reached skill level 5 in Long Blades
  3778 | D:4      | Found a hide-covered altar of Uskayaw.
  3820 | D:4      | Noticed Eustachio
  3927 | D:4      | Killed Eustachio
  3927 | D:4      | Reached XP level 7. HP: 38/38 MP: 10/13
  4494 | D:4      | Found Okyphine's Jewellery Boutique.
  4526 | D:4      | Found Xogoeg's General Store.
  4692 | D:5      | Entered Level 5 of the Dungeon
  5048 | D:5      | Noticed Pikel
  5159 | D:5      | Found a staircase to the Ecumenical Temple.
  5220 | D:5      | Killed Pikel
  5220 | D:5      | Reached skill level 3 in Dodging
  5220 | D:5      | Reached XP level 8. HP: 43/43 MP: 12/16
  5237 | Temple   | Entered the Ecumenical Temple
  5473 | D:5      | Found a radiant altar of Vehumet.
  5747 | D:5      | Found a glowing golden altar of the Shining One.
  5873 | D:5      | Learned a level 1 spell: Flame Tongue
  5877 | D:5      | Learned a level 3 spell: Conjure Flame
  5960 | D:6      | Reached skill level 4 in Dodging
  5960 | D:6      | Reached skill level 5 in Translocations
  6191 | D:6      | Learned a level 6 spell: Invisibility
  6208 | D:6      | Found a white marble altar of Elyvilon.
  6270 | D:6      | Reached skill level 1 in Conjurations
  6270 | D:6      | Reached skill level 1 in Fire Magic
  6318 | D:5      | Reached skill level 1 in Hexes
  7107 | D:6      | Reached skill level 5 in Spellcasting
  7151 | D:6      | Found a blossoming altar of Fedhas.
  7547 | D:6      | Reached skill level 5 in Dodging
  7628 | D:7      | Reached XP level 9. HP: 42/47 MP: 16/18
  8618 | D:7      | Found a shadowy altar of Dithmenos.
  8725 | D:8      | Reached skill level 6 in Dodging
  8984 | D:8      | Found a shattered altar of Ashenzari.
  9256 | D:8      | Reached skill level 5 in Hexes
  9683 | D:8      | Became a worshipper of Ashenzari the Shackled
  9873 | D:8      | Reached XP level 10. HP: 45/52 MP: 14/19
  9918 | D:8      | Learned a level 4 spell: Sticky Flame
 10173 | D:9      | Found a staircase to the Lair.
 10205 | D:9      | Found a flagged portal.
 10267 | Bailey   | Entered a bailey
 10864 | D:4      | Bought the amulet "Igehoem" {Reflect rN++ Dex+2 SH+4} for 535 gold pieces
 11084 | D:9      | Noticed a two-headed ogre
 11125 | Lair:1   | Entered Level 1 of the Lair of Beasts
 11143 | Lair:1   | Noticed a spiny frog
 11170 | Lair:1   | Killed a spiny frog
 11202 | Lair:1   | Reached skill level 5 in Conjurations
 11287 | Lair:1   | Noticed a spiny frog
 11309 | Lair:1   | Killed a spiny frog
 11309 | Lair:1   | Reached skill level 7 in Dodging
 11309 | Lair:1   | Reached skill level 5 in Fire Magic
 11317 | Lair:1   | Noticed a spiny frog
 11342 | Lair:1   | Killed a spiny frog
 12283 | Lair:1   | Noticed a spiny frog
 12283 | Lair:1   | Noticed an elephant
 12290 | Lair:1   | Reached skill level 10 in Long Blades
 12299 | Lair:1   | Killed a spiny frog
 12348 | Lair:1   | Killed an elephant
 12482 | Lair:1   | Got the flail of Chagrin {pain, Fragile rF+ Dex+3}
 12537 | Lair:1   | Reached XP level 11. HP: 48/56 MP: 11/21
 12902 | D:9      | Noticed Gastronok
 12940 | D:9      | Killed a two-headed ogre
 12940 | D:9      | Reached skill level 8 in Dodging
 13043 | D:9      | Noticed Maurice
 13491 | D:9      | Reached * piety under Ashenzari
 13536 | D:9      | Noticed a two-headed ogre
 13547 | D:9      | Killed a two-headed ogre
 13697 | D:9      | Killed Maurice
 13723 | D:9      | Found Pacuv's Gadget Shop.
 13846 | D:9      | Noticed Prince Ribbit
 13852 | D:9      | Killed Prince Ribbit
 13882 | D:9      | Found a sparkling altar of Nemelex Xobeh.
 14017 | D:9      | Found a glowing silver altar of Zin.
 14167 | Lair:1   | Learned a level 3 spell: Regeneration
 14436 | Lair:2   | Reached skill level 1 in Necromancy
 14656 | Lair:2   | HP: 2/56 [porcupine (4)]
 15046 | Lair:2   | Reached skill level 9 in Dodging
 15318 | Lair:2   | Reached ** piety under Ashenzari
 15642 | Lair:3   | Found a staircase to the Snake Pit.
 15859 | Lair:3   | Reached XP level 12. HP: 61/61 MP: 22/24
 16587 | Lair:4   | Found a staircase to the Swamp.
 16760 | Lair:4   | Reached *** piety under Ashenzari
 17157 | Lair:1   | Learned a level 3 spell: Confuse
 17188 | D:10     | Entered Level 10 of the Dungeon
 17316 | D:10     | Noticed a two-headed ogre
 17339 | D:10     | Killed a two-headed ogre
 17339 | D:10     | Reached skill level 10 in Dodging
 17339 | D:10     | Reached skill level 10 in Hexes
 17707 | D:10     | Found the +8 lance "Wyrmbane" {slay drac, rPois rF+ rC+ AC+3}
 18031 | D:10     | Reached skill level 1 in Polearms
 18295 | D:11     | Identified the +10 flail of Chagrin {pain, Fragile rF+ Dex+3} (You found it on level 1 of the Lair of Beasts)
 18385 | D:11     | Noticed Erica
 18732 | D:11     | Found the +5 pair of quick blades "Gyre" and "Gimble" {pierce, Dex-3}
 18919 | D:11     | Killed Erica
 18985 | D:12     | Found a staircase to the Orcish Mines.
 19568 | D:12     | Reached **** piety under Ashenzari
 19572 | D:12     | Got the uncursed scale mail of Qururar {rPois rF+ Int+5 Stlth-}
 19946 | Orc:1    | Entered Level 1 of the Orcish Mines
 20020 | Orc:1    | Reached skill level 5 in Polearms
 20198 | Orc:1    | Found Tahuj's Jewellery Boutique.
 20483 | Orc:2    | Entered Level 2 of the Orcish Mines
 20485 | Orc:2    | Paralysed by an orc sorcerer for 3 turns
 20593 | Orc:2    | Found a staircase to the Elven Halls.
 20882 | Orc:2    | Reached XP level 13. HP: 65/65 MP: 7/25
 21533 | Orc:2    | Found Qopou's General Store.
 21562 | Orc:2    | Reached skill level 1 in Stealth
 21650 | Orc:2    | Found Feguoj's Distillery.
 22215 | Orc:2    | Reached skill level 11 in Dodging
 23185 | Orc:2    | Reached skill level 5 in Stealth
 23333 | Orc:2    | Found Joefeina's Antique Armour Shop.
 23333 | Orc:2    | Found a one-way gate leading to the halls of Pandemonium.
 23333 | Orc:2    | Found Oshranacsae's Gadget Boutique.
 23440 | Orc:2    | Found Lyxzayn's Weapon Emporium.
 23945 | D:13     | Reached skill level 12 in Dodging
 24012 | D:13     | Reached XP level 14. HP: 76/76 MP: 21/26
 24095 | D:13     | Reached skill level 5 in Fighting
 24230 | D:13     | Identified the +6 flail "Kaiss" {holy, rC+ Str+2}
 24614 | D:13     | Noticed Josephine
 24664 | D:13     | Killed Josephine
 25079 | D:13     | Identified the cursed +2 rapier of Zeunics {drain, MR++} (You took it off a wizard on level 13 of the Dungeon)
 25145 | D:14     | Noticed Agnes
 25490 | Lair:5   | Reached skill level 13 in Dodging
 25594 | Lair:5   | Found a staircase to the Slime Pits.
 25992 | Lair:5   | Noticed Snorg
 26010 | Lair:5   | Killed Snorg
 26428 | Lair:5   | Reached ***** piety under Ashenzari
 26456 | Lair:5   | Found a runed door.
 26521 | Lair:4   | Identified the +6 scale mail of Qururar {rPois rF+ Int+5 Stlth-} (You found it on level 12 of the Dungeon)
 26651 | Lair:5   | Identified a scroll of acquirement
 26725 | Lair:6   | Entered Level 6 of the Lair of Beasts
 27024 | Lair:5   | Reached skill level 14 in Dodging
 27195 | Lair:6   | Reached skill level 1 in Armour
 28389 | Lair:6   | Identified the amulet "Xocit" {*Slow +Rage rF++ rN+ Str+2}
 28482 | Lair:6   | Reached XP level 15. HP: 88/88 MP: 23/27
 29215 | Lair:1   | Learned a level 3 spell: Spectral Weapon
 29278 | D:9      | Killed Gastronok
 29278 | D:9      | Reduced skill Long Blades to level 10
 29424 | D:14     | Reached skill level 5 in Armour
 29537 | D:14     | Found Begar's Distillery.
 29542 | D:14     | Bought a potion of degeneration for 10 gold pieces
 29545 | D:14     | Bought a potion of heal wounds for 50 gold pieces
 29545 | D:14     | Bought a potion of heal wounds for 50 gold pieces
 29545 | D:14     | Bought a potion of curing for 30 gold pieces
 29545 | D:14     | Bought a potion of curing for 30 gold pieces
 29545 | D:14     | Bought a potion of curing for 30 gold pieces
 29741 | D:14     | Noticed Frances
 29873 | D:14     | Found Nurock's Gadget Boutique.
 29964 | D:14     | Found a gate to the Vaults.
 30084 | D:14     | Reached skill level 15 in Dodging
 30318 | D:14     | Found Ladatucka's General Store.
 30395 | D:14     | Reached skill level 5 in Charms
 30509 | D:14     | Bought a +0 buckler for 54 gold pieces
 30801 | D:15     | Entered Level 15 of the Dungeon
 31019 | D:15     | Found a staircase to the Depths.
 31101 | D:15     | Reached skill level 1 in Shields
 31211 | D:15     | Noticed Roxanne
 31570 | D:15     | Reached skill level 5 in Necromancy
 32159 | Swamp:1  | Entered Level 1 of the Swamp
 33206 | Swamp:2  | Noticed Louise
 33560 | Swamp:2  | Cast into level 3 of the Abyss (Louise)
 33583 | Swamp:2  | Escaped the Abyss
 33613 | Swamp:2  | Killed Louise
 34212 | Swamp:3  | Noticed a thorn hunter
 34219 | Swamp:3  | Killed a thorn hunter
 34351 | Swamp:3  | Reached XP level 16. HP: 96/96 MP: 22/28
 34695 | Swamp:3  | Reached skill level 16 in Dodging
 35130 | Swamp:3  | Noticed a thorn hunter
 35152 | Swamp:3  | Killed a thorn hunter
 35311 | Swamp:3  | Reached skill level 10 in Fighting
 35407 | Swamp:3  | Noticed Jorgrun
 35423 | Swamp:3  | Killed Jorgrun
 35853 | Swamp:4  | Entered Level 4 of the Swamp
 35859 | Swamp:4  | Reached skill level 10 in Armour
 35961 | Swamp:4  | Noticed Nikola
 36162 | Snake:1  | Entered Level 1 of the Snake Pit
 36336 | Snake:1  | Identified the +8 hand crossbow of Qax Acuo {velocity, *Contam rElec MP+9 Dex+2}
 36605 | Snake:2  | Found a flickering gateway to a bazaar.
 36625 | Bazaar   | Entered a bazaar
 36625 | Bazaar   | Found Sacav's Magic Scroll Emporium.
 36632 | Bazaar   | Found Zomelo's Antique Weapon Boutique.
 36640 | Bazaar   | Found Nuthutij's General Store.
 36651 | Bazaar   | Found Edwum's Jewellery Emporium.
 36662 | Bazaar   | Found Teozyete's Antique Armour Shop.
 36670 | Bazaar   | Bought a glowing cloak for 187 gold pieces
 36703 | Bazaar   | Bought a scroll of remove curse for 30 gold pieces
 36703 | Bazaar   | Bought 3 scrolls of blinking for 225 gold pieces
 36715 | Bazaar   | Bought a scroll of remove curse for 27 gold pieces
 36759 | Bazaar   | Bought the ring of Zirot {rN+ Int+3 Slay+2} for 317 gold pieces
 36885 | Snake:2  | Reached skill level 17 in Dodging
 37903 | Snake:2  | Reached skill level 18 in Dodging
 38796 | Snake:3  | Identified the +5 war axe "Xira" {freeze, Dex+3}
 38921 | Snake:3  | Identified the ring of Bewku {AC+4 Dex+5 SInv}
 38973 | Snake:3  | Reached XP level 17. HP: 98/102 MP: 23/29
 39385 | Snake:3  | Noticed Lovchig's ghost (adept DDFi)
 39492 | Snake:3  | Killed Lovchig's ghost
 39492 | Snake:3  | Reached skill level 19 in Dodging
 40021 | Snake:4  | Entered Level 4 of the Snake Pit
 40151 | Snake:4  | Killed from afar by a shock serpent

Skill      XL: |  1  2  3  4  5  6  7  8  9 10 11 12 13 14 15 16 17 |
---------------+----------------------------------------------------+-----
Long Blades    | 2 3 4 5 6 7 9 10 11 8 |  8.0
Charms         | 1 2 3 6 |  6.0
Summonings     | 1 2 3 |  3.0
Translocations | 4 5 |  5.0
Dodging        | 3 5 6 7 9 10 12 14 15 18 19 | 19.3
Spellcasting   | 4 5 7 |  7.0
Conjurations   | 2 4 6 7 |  7.0
Fire Magic     | 2 4 6 7 |  7.0
Hexes          | 3 5 7 8 11 | 11.6
Necromancy     | 2 5 |  5.0
Polearms       | 6 7 |  7.6
Stealth        | 7 |  7.0
Fighting       | 4 8 9 10 | 10.0
Armour         | 3 9 10 | 10.0
Shields        | 2 |  2.0
Throwing       | |  1.0

Action                   |  1- 3 |  4- 6 |  7- 9 | 10-12 | 13-15 | 16-18 || total
-------------------------+-------+-------+-------+-------+-------+-------++-------
Melee: Falchion          |   130 |       |       |   408 |       |       ||   538
       Dagger            |    39 |   187 |   301 |    90 |       |       ||   617
       Short sword       |       |   100 |    95 |       |       |       ||   195
       Scimitar          |       |       |   199 |    69 |       |       ||   268
       Lance             |       |       |       |   366 |  1770 |   676 ||  2812
Throw: Stone             |     2 |       |       |       |       |       ||     2
       Tomahawk          |       |       |       |    20 |     8 |       ||    28
 Cast: Shroud of Golubri |    18 |    32 |    59 |    62 |    65 |    23 ||   259
       Summon Small Mamm |       |       |    18 |     3 |     1 |     1 ||    23
       Flame Tongue      |       |       |    51 |   123 |    47 |    15 ||   236
       Conjure Flame     |       |       |     8 |    22 |    31 |     4 ||    65
       Sticky Flame      |       |       |       |    71 |   138 |    35 ||   244
       Regeneration      |       |       |       |    34 |    88 |    48 ||   170
       Blink             |       |       |       |     6 |     7 |       ||    13
       Invisibility      |       |       |       |     2 |     2 |       ||     4
       Confuse           |       |       |       |     1 |     6 |       ||     7
       Spectral Weapon   |       |       |       |       |    17 |    42 ||    59
Invok: Curse Item        |       |       |       |     3 |     2 |       ||     5
       Scrying           |       |       |       |       |     3 |     1 ||     4
       Transfer Knowledg |       |       |       |       |     1 |       ||     1
 Abil: Evoke Flight      |       |       |       |       |     5 |     1 ||     6
       Stop Flying       |       |       |       |       |     1 |       ||     1
Evoke: Wand              |       |       |       |     2 |       |     1 ||     3
  Use: Scroll            |       |       |     9 |    15 |     6 |       ||    30
       Potion            |       |       |       |     3 |     1 |       ||     4
 Stab: Distracted        |       |       |     5 |     1 |     3 |    12 ||    21
       Sleeping          |       |       |     1 |     5 |     8 |     3 ||    17
       Confused          |       |       |       |     2 |     6 |       ||     8
       Invisible         |       |       |       |     1 |     7 |       ||     8
  Eat: Chunk             |     4 |     4 |    17 |    41 |    48 |    15 ||   129
       Ration            |       |     1 |     1 |     1 |     4 |     2 ||     9
Armor: Leather armour    |    25 |       |   114 |   133 |    50 |       ||   322
       Ring mail         |    26 |    70 |    10 |       |       |       ||   106
       Robe              |       |       |       |     3 |       |       ||     3
       Scale mail        |       |       |       |       |   234 |   153 ||   387
Dodge: Dodged            |    99 |   101 |   279 |   631 |   874 |   289 ||  2273
Block: Other             |       |       |       |   105 |   142 |       ||   247
       Reflection        |       |       |       |     4 |    10 |    27 ||    41
       Buckler           |       |       |       |       |    97 |   222 ||   319
       Rpst.: Falchion   |    23 |       |       |   101 |       |       ||   124
       Scimitar          |       |       |    23 |     8 |       |       ||    31
